 Dungeon Crawl Stone Soup version 0.25.1-8-g42b30a86e7 (webtiles) character file.

Game seed: 3763356863719425352

110 Clowwww the Skirmisher (level 4, 0/35 HPs)
             Began as a Demonspawn Fighter on Dec 7, 2020.
             Slain by an orc
             ... wielding a +1 falchion of freezing
              (2 damage)
             ... on level 3 of the Dungeon on Dec 8, 2020.
             The game lasted 00:07:50 (2557 turns).

Clowwww the Skirmisher (Demonspawn Fighter)         Turns: 2557, Time: 00:07:52

Health: 0/35       AC:  8    Str: 18    XL:     4   Next: 61%
Magic:  4/4        EV:  7    Int:  9    God:
Gold:   168        SH:  9    Dex: 12    Spells: 3/3 levels left

rFire    + . .     SeeInvis .   a - +0 war axe
rCold    . . .     Gourm    .   c - +0 kite shield
rNeg     . . .     Faith    .   b - +0 scale mail
rPois    .         Spirit   .   (no helmet)
rElec    .         Reflect  .   k - +0 cloak
rCorr    .         Harm     .   (no gloves)
MR       .....                  (no boots)
Stlth    ..........             (no amulet)
HPRegen  0.11/turn              (no ring)
MPRegen  0.09/turn              (no ring)

@: mighty
A: fire resistance 1
a: no special abilities


You were on level 3 of the Dungeon.
You were not hungry.

You visited 1 branch of the dungeon, and saw 3 of its levels.

You collected 168 gold pieces.

Inventory:

Hand Weapons
 a - a +0 war axe (weapon)
Missiles
 n - 6 boomerangs (quivered)
Armour
 b - a +0 scale mail (worn)
 c - a +0 kite shield (worn)
 k - a +0 cloak (worn)
Jewellery
 m - an uncursed amulet of magic regeneration {unknown}
 r - an uncursed ring of poison resistance {unknown}
Scrolls
 e - 4 scrolls of identify {unknown}
 i - a scroll of remove curse {unknown}
 l - a scroll of noise {unknown}
 p - a scroll of amnesia {unknown}
 q - a scroll of teleportation {unknown}
 u - a scroll of enchant weapon {unknown}
Potions
 g - a potion of heal wounds {unknown}
 h - a potion of degeneration {unknown}
 j - a potion of ambrosia {unknown}
 o - 2 potions of invisibility {unknown}
 s - a potion of magic {unknown}
Comestibles
 f - 5 rations
 t - 3 chunks of flesh


   Skills:
 + Level 3.3 Fighting
 + Level 3.1 Axes
 + Level 3.2 Armour
 + Level 0.9 Dodging
 + Level 3.1 Shields


You had 3 spell levels left.
You didn't know any spells.
Your spell library was empty.

Dungeon Overview and Level Annotations

Branches:
Dungeon (3/15)

Altars:


Innate Abilities, Weirdness & Mutations

Your flesh is heat resistant. (rF+)


Message History

You closely miss the frilled lizard. You block the frilled lizard's attack.
You closely miss the frilled lizard.
The frilled lizard bites you but does no damage.
You block the frilled lizard's attack.
You closely miss the frilled lizard. The frilled lizard closely misses you.
You slash the frilled lizard!
You kill the frilled lizard!
The orc throws a silver boomerang.
The silver boomerang barely misses you.
The weapon returns to the orc!
The orc hits you with a +1 falchion of freezing.
* * * LOW HITPOINT WARNING * * *
The orc freezes you.
* * * LOW HITPOINT WARNING * * *
Found a hunting sling.
Things that are here:
a +0 dagger; a frilled lizard corpse; an orc corpse You closely miss the orc.
The orc barely misses you. x2
Your shield prevents you from hitting the orc.
The orc hits you with a +1 falchion of freezing.
You die...

###...##..
..............
## ......####
.... .
..........
...##.
..........
....#..
.......###...
)..# .......#
... .o#
.......##.#
#o# ........#
..........#.#
#@# #........
......#.....
#.# #.....>..
........##
#.###
#........
.##...###
#...##
#........
....###
###..##
#........
....# ##..#
#........
.#### ##.#
#........ .##
#.####........
..#
#...##........


You could see an orc priest and an orc.

Vanquished Creatures
  5 adders
  A worm (D:2)
  A leopard gecko (D:3)
  2 orcs (D:3)
  6 bats
  2 giant cockroaches
  8 goblins
  5 hobgoblins
  4 jackals (D:2)
  A quokka (D:2)
  7 frilled lizards
  15 kobolds
  4 rats
61 creatures vanquished.

Vanquished Creatures (others)
  A quokka (D:3)
1 creature vanquished.

Grand Total: 62 creatures vanquished

Notes
Turn   | Place    | Note
-------+----------+-------------------------------------------
     0 | D:1      | Clowwww the Demonspawn Fighter began the quest for the Orb.
     0 | D:1      | Reached XP level 1. HP: 18/18 MP: 1/1
   452 | D:1      | Gained mutation: Your flesh is heat resistant. (rF+)
                  | [demonic ancestry]
   452 | D:1      | Reached XP level 2. HP: 23/24 MP: 2/2
   801 | D:2      | Reached XP level 3. HP: 19/29 MP: 3/3
  1670 | D:2      | Reached XP level 4. HP: 20/35 MP: 4/4
  2557 | D:3      | Slain by an orc

Illustrated notes

Levels and vault maps discovered:
D:1:      minmay_arrival_three_doors, layout_loops_cross,
          corexii_leaking_fountain
D:2:      layout_basic
D:3:      layout_rooms, elyvilon_altar_4

Skill      XL: |  1  2  3  4 |
---------------+-------------+-----
Axes           | 2 3 |  3.1
Shields        | 3 |  3.1
Armour         | 3 |  3.2
Fighting       | |  3.3
Dodging        | |  0.9

Action                   |  1- 3 |  4- 6 || total
-------------------------+-------+-------++-------
Melee: War axe           |   151 |    69 ||   220
  Use: Potion            |       |     1 ||     1
  Eat: Chunk             |     3 |     3 ||     6
Armor: Scale mail        |    69 |    31 ||   100
Dodge: Dodged            |    43 |    23 ||    66
Block: Kite shield       |    80 |    35 ||   115
